 Dungeon Crawl Stone Soup version 0.28.0-47-ge53b351184 (webtiles) character file.

Game seed: 6102257837299934531

64 Allula97 the Sneak (level 3, -2/26 (27) HPs)
             Began as a Demonspawn Brigand on May 5, 2022.
             Slain by Crazy Yiuf
             ... wielding a +2 quarterstaff of chaos
              (11 damage)
             ... on level 2 of the Dungeon.
             The game lasted 00:03:03 (1479 turns).

Allula97 the Sneak (Demonspawn Brigand)             Turns: 1479, Time: 00:03:04

HP:   -2/26 (27)    AC:  3    Str: 11    XL:     3   Next: 91%
MP:   0/3           EV: 12    Int: 12    God:
Gold: 101           SH:  4    Dex: 16    Spells: 2/2 levels left

rFire   . . .      SeeInvis .   a - +2 dagger
rCold   + . .      Faith    .   (no shield)
rNeg    . . .      Spirit   .   b - +0 robe
rPois   .          Reflect  .   (no helmet)
rElec   .          Harm     .   c - +0 cloak
rCorr   .          Rampage  .   (no gloves)
Will    .....                   (no boots)
Stlth   +++.......              (no amulet)
HPRegen 0.08/turn               h - ring of protection from cold
MPRegen 0.08/turn               (no ring)

@: lightly drained
A: condensation shield
a: no special abilities


You were on level 2 of the Dungeon.
You visited 1 branch of the dungeon, and saw 2 of its levels.

You collected 101 gold pieces.

Inventory:

Hand Weapons
 a - a +2 dagger (weapon)
Missiles
 d - 8 poisoned darts (quivered)
Armour
 b - a +0 robe (worn)
 c - a +0 cloak (worn)
Jewellery
 h - a ring of protection from cold (left hand)
Scrolls
 f - a scroll of identify {unknown}
 g - a scroll of magic mapping {unknown}
 i - a scroll of teleportation {unknown}
Potions
 j - a potion of heal wounds {unknown}


   Skills:
 * Level 2.2 Fighting
 * Level 2.3 Short Blades
 - Level 1.7 Throwing
 * Level 0.5 Armour
 * Level 1.3 Dodging
 * Level 4.5 Stealth


You had 2 spell levels left.
You didn't know any spells.
Your spell library was empty.

Dungeon Overview and Level Annotations

Branches:
Dungeon (2/15)

Altars:

Shops:
D:1 (

Annotations:
D:2 Crazy Yiuf


Innate Abilities, Weirdness & Mutations

A meltable shield of frost defends you. (SH +4)


Message History

You kill the rat!
Found a stone staircase leading down.
There is a stone staircase leading down here.
There is a stone staircase leading down here.
Found a runed mace.
Found a runed translucent door.
Found a stone staircase leading up.
Crazy Yiuf shouts!
You open the door.
Crazy Yiuf grits, "Shadow poople hog!"
You barely miss Crazy Yiuf. Crazy Yiuf closely misses you.
You hit Crazy Yiuf.
Crazy Yiuf is lightly wounded.
Crazy Yiuf says, "Nubble toodlewoodle ladder!"
Crazy Yiuf hits you with a +2 quarterstaff of chaos.
You closely miss Crazy Yiuf.
Crazy Yiuf is lightly wounded.
You hit Crazy Yiuf.
Crazy Yiuf is lightly wounded.
Crazy Yiuf says, "Shower shrimp infinity!"
Crazy Yiuf hits you with a +2 quarterstaff of chaos!
You feel your power leaking away.
You barely miss Crazy Yiuf.
Crazy Yiuf is lightly wounded.
Crazy Yiuf hits you with a +2 quarterstaff of chaos.
You feel drained.
Throw: 2 darts (curare)
Press: ? - help, Q - select action, (/) - cycle Shift-Dir - straight line, f - Crazy Yiuf
Aim: Crazy Yiuf, wielding a +2 quarterstaff of chaos and wearing a +0 cloak (lightly wounded, 64% to hit)
You throw a curare-tipped dart.
The curare-tipped dart closely misses Crazy Yiuf.
You block Crazy Yiuf's attack.
Throw: dart (curare)
Press: ? - help, Q - select action, (/) - cycle Shift-Dir - straight line, f/p - Crazy Yiuf
Aim: Crazy Yiuf, wielding a +2 quarterstaff of chaos and wearing a +0 cloak (lightly wounded, 64% to hit)
You throw a curare-tipped dart. The curare-tipped dart hits Crazy Yiuf.
Crazy Yiuf is poisoned.
Crazy Yiuf convulses.
Crazy Yiuf seems to slow down.
Crazy Yiuf is heavily wounded.
Crazy Yiuf hits you with a +2 quarterstaff of chaos!
You die...

#.# #..........##
###.##########.....##
.......## ##.......##
###.#...##
#.........#
.........#
###########
###.#....#
.......#.##♣♣♣♣♣
###.###..+...♣.♣♣♣
### #.#
#.......♣.@♣#...# #.#
#....P.♣♣♣♣g'...#
##.+..♣♣ ♣♣#..)#
####♣♣ ###


You could see Crazy Yiuf (very poisoned, slow).

Vanquished Creatures
  Jessica (D:2)
  A dart slug (D:1)
  3 endoplasms (D:1)
  4 giant cockroaches
  A goblin (D:1)
  5 hobgoblins
  3 jackals (D:1)
  A quokka (D:1)
  2 ball pythons (D:1)
  5 bats (D:1)
  A frilled lizard (D:2)
  4 kobolds (D:1)
  4 rats
35 creatures vanquished.

Notes
Turn   | Place    | Note
-------+----------+-------------------------------------------
     0 | D:1      | Allula97 the Demonspawn Brigand began the quest for the
                  | Orb.
     0 | D:1      | Reached XP level 1. HP: 16/16 MP: 1/1
   240 | D:1      | Found Fiunlet's Antique Weapon Boutique.
   243 | D:1      | Reached skill level 1 in Dodging
   306 | D:1      | Gained mutation: A meltable shield of frost defends you.
                  | (SH +4) [demonic ancestry]
   306 | D:1      | Reached XP level 2. HP: 18/22 MP: 2/2
   310 | D:1      | Reached skill level 4 in Stealth
   519 | D:1      | Found a faded altar of an unknown god.
   852 | D:1      | Reached XP level 3. HP: 27/27 MP: 3/3
  1140 | D:2      | Noticed Jessica
  1170 | D:2      | Killed Jessica
  1445 | D:2      | Found a runed translucent door.
  1446 | D:2      | Noticed Crazy Yiuf
  1479 | D:2      | Slain by Crazy Yiuf

Illustrated notes

Levels and vault maps discovered:
D:1:      minmay_arrival_wavy_path, layout_basic, serial_shops, shop,
          basic_ecumenical_altar, minmay_misc_feat_tower
D:2:      layout_loops_corners, minmay_misc_feat_secret_circle,
          uniq_crazy_yiuf_cottage, uniq_jessica

Skill      XL: |  1  2 |
---------------+-------+-----
Dodging        | 1 |  1.3
Stealth        | 4 |  4.5
Short Blades   | 2 |  2.3
Fighting       | |  2.2
Throwing       | |  1.7
Armour         | |  0.5

Action                   || total
-------------------------++-------
Melee: Dagger            ||   111
Throw: Dart              ||    12
 Stab: Sleeping          ||     8
Armor: Robe              ||    36
Dodge: Dodged            ||    53
Block: Other             ||    14
